 Dungeon Crawl Stone Soup version 0.31.0-32-g396128a36d (webtiles) character file.

Game seed: 12091127229433471851

4 monsoonserge the Charlatan (level 1, 0/13 HPs)
             Began as an Octopode Artificer on Apr 7, 2024.
             Slain by a goblin
             ... wielding a +0 club
              (4 damage)
             ... on level 1 of the Dungeon.
             The game lasted 00:00:29 (65 turns).

monsoonserge the Charlatan (Octopode Artificer)       Turns: 65, Time: 00:00:30

Health: 0/13       AC:  1    Str: 11    XL:     1   Next: 60%
Magic:  1/1        EV: 13    Int: 13    God:
Gold:   0          SH:  0    Dex: 12    Spells: 0/0 levels left

rFire   . . .        (no weapon)
rCold   . . .        (no shield)
rNeg    . . .        (helmet restricted)
rPois   .            (no amulet)
rElec   .            (no ring)
rCorr   .            (no ring)
SInv    .            (no ring)
Will    .....        (no ring)
Stlth   +++          (no ring)
HPRegen 0.22/turn    (no ring)
MPRegen 0.07/turn    (no ring)
                     (no ring)

%: no passive effects
@: no status effects
A: almost no armour, amphibious, 8 rings, camouflage 1, gelatinous body 1,
(nimble swimmer 1), tentacles
a: no special abilities


You were on level 1 of the Dungeon.
You visited 1 branch of the dungeon, and saw 1 of its levels.

Inventory:

Wands
 b - a wand of flame (15) (quivered)
 c - a wand of charming (15)
 d - a wand of iceblast (5)
Scrolls
 a - a scroll of blinking {unknown}
 e - a scroll of teleportation {unknown}


   Skills:
 - Level 1.0 Fighting
 + Level 2.5 Dodging
 + Level 1.3 Stealth
 + Level 3.4 Evocations


You couldn't memorise any spells.
You didn't know any spells.
Your spell library was empty.

Dungeon Overview and Level Annotations

Branches:
Dungeon (1/15)

Altars:


Innate Abilities, Weirdness & Mutations

You cannot wear most types of armour.
You are amphibious.
You can wear up to eight rings at the same time.
Your skin changes colour to match your surroundings (Stealth+).
Your rubbery body absorbs attacks. (AC +1, EV +1)
((You are camouflaged when in or above water. (Stealth+)))
You have tentacles for arms and can constrict up to eight enemies at once.


Message History

You barely miss the quokka. You grab the quokka.
The quokka is moderately wounded.
You constrict the quokka. The quokka barely misses you.
You tentacle-slap the quokka.
You kill the quokka!
A quokka comes into view.
An endoplasm comes into view.
You see here a scroll labelled ZEBAQA HANO.
e - a scroll labelled ZEBAQA HANO A goblin comes into view.
It is wielding a +0 club.
The helpless quokka fails to defend itself.
You tentacle-slap the quokka but do no damage.
Your grab misses the quokka.
The goblin shouts!
The quokka bites you.
You tentacle-slap the quokka but do no damage.
Your grab misses the quokka. You squeeze the quokka.
The quokka is severely wounded.
The quokka bites you but does no damage.
You tentacle-slap the quokka. Your grab misses the quokka.
Your squeeze misses the quokka.
The quokka is almost dead.
The quokka barely misses you. x2
You closely miss the quokka. Your grab misses the quokka.
The quokka is almost dead.
The quokka bites you.
You completely miss the endoplasm. The quokka closely misses you.
The endoplasm freezes you.
You are frozen.
You tentacle-slap the endoplasm.
The endoplasm is heavily wounded.
The quokka bites you.
The endoplasm hits you but does no damage.
You tentacle-slap the quokka.
You kill the quokka!
The endoplasm misses you. The goblin barely misses you.
You tentacle-slap the endoplasm.
You kill the endoplasm!
The goblin hits you with a +0 club.
You die...

.... ... .....
...########.....
#..##....#.....
#.##..........
#..#..........
#######.............
#...................
#####...........@g......
#..............##†......
#.............>+ .......
#..............# #......
####..........# ######
#####......#####
....##...### ###.####.#
#.# #.#


You could see a goblin.

Vanquished Creatures
  A bat (D:1)
  An endoplasm (D:1)
  2 quokkas (D:1)
4 creatures vanquished.

Notes
Turn   | Place    | Note
-------+----------+-------------------------------------------
     0 | D:1      | monsoonserge the Octopode Artificer began the quest for the
                  | Orb.
     0 | D:1      | Reached XP level 1. HP: 13/13 MP: 1/1
    65 | D:1      | Slain by a goblin

Illustrated notes

Levels and vault maps discovered:
D:1:      dpeg_arrival_ratfight, layout_basic

Action                     || total
---------------------------++-------
  Melee: Unarmed           ||    13
         Tentacles         ||     2
         Constrict         ||     1
   Stab: Sleeping          ||     2
 Armour: Skin              ||     6
  Dodge: Dodged            ||     8
